 Dungeon Sprint DCSS version 0.31-a0-43-g46d131a48f (webtiles) character file.

Game seed: 653606818403487932

996 sircluck the Grappler (level 7, -2/72 HPs)
             Began as a Troll Berserker on May 19, 2023.
             Was an Elder of Trog.
             Slain by a wyvern (16 damage)
             ... in the Dungeon (Sprint II: "The Violet Keep of Menkaure").
             The game lasted 00:00:54 (299 turns).

sircluck the Grappler (Troll Berserker)              Turns: 299, Time: 00:00:54

Health: -2/72      AC:  4    Str: 28      XL:     7   Next: 99%
Magic:  6/6        EV: 11    Int:  2 (3)  God:    Trog [****..]
Gold:   729        SH:  0    Dex:  9      Spells: 6/6 levels left

rFire   . .          .
                       - Unarmed
rCold   . . .        (no shield)
rNeg    . . .        a - +0 animal skin
rPois   .            (helmet restricted)
rElec   .            (no cloak)
rCorr   .            (gloves unavailable)
SInv    .            (boots unavailable)
Will    .....        (no amulet)
Stlth   +            (no ring)
HPRegen 1.12/turn    (no ring)
MPRegen 0.10/turn

%: no teleportation
@: unable to read
A: large, unfitting armour, claws 3, regeneration 1, shaggy fur 1, tough skin 1,
frail 1, inability to read after injury 1
a: Renounce Religion, Berserk, Trog's Hand, Brothers in Arms


You were in the Dungeon.
You worshipped Trog.
Trog was greatly pleased with you.
You visited 1 branch You collected 729 gold pieces.

Inventory:

Armour
 a - a +0 animal skin (worn)
Scrolls
 g - a scroll of blinking
Potions
 b - a potion of curing
 c - a potion of heal wounds
 d - a potion of haste
 e - 2 potions of magic
 f - a potion of berserk rage


   Skills:
 + Level 8.6 Fighting
 + Level 7.6 Dodging
 + Level 0.5 Stealth
 + Level 12.0 Unarmed Combat


You had 6 spell levels left.
You didn't know any spells.
Your spell library was empty.

Dungeon Overview and Level Annotations

Branches:
Dungeon (1/1)

Altars:

Shops:
D =!![[*?!:!((=(

Annotations:
D exclusion: orange crystal statue


Innate Abilities, Weirdness & Mutations

You are too large for most types of armour.
You have claws for hands.
Your natural rate of healing is unusually fast.
You are covered in fur. (AC +1)
You have tough skin. (AC +1)
You are frail. (-10% HP)
You occasionally lose the ability to read scrolls when taking damage.


Message History

Unknown command.
No target in view!
Unknown command.
No target in view!
Unknown command.
No target in view!
Unknown command.
No target in view!
No target in view!
There is an open door here.
You now have 729 gold pieces (gained 243).
There is an open door here.
You start resting.
HP restored.
There is a staircase leading out of the dungeon here.
You start waiting.
Your intelligence has recovered.
You feel yourself speed up.
You start waiting.
The walls and floor vibrate strangely for a moment.
There is an open door here.
There is an open door here.
There is a staircase leading out of the dungeon here.
You open the door. 2 wyverns come into view.
The wyvern hisses angrily.
The wyvern barely misses you. The wyvern bites you!
There is an open door here.
You mangle the wyvern!!
The wyvern is severely wounded.
The wyvern bites you! The wyvern bites you!!
You scratch the wyvern.
The wyvern is almost dead.
The wyvern bites you. The wyvern barely misses you.
The wyvern attacks as you move away! The wyvern bites you!
The wyvern attacks as you move away! The wyvern bites you!
* * * LOW HITPOINT WARNING * * *
The wyvern bites you!
You feel threatened and lose the ability to read scrolls!
You die...

########~~#+++#+++##
#######~~~.........#
..∩.∩.#~~~~.##'##..#
.∩.∩..#~~~~###..##.####
∩.∩...#~~~~#.##..#....#
.∩....#~~####.#.####..##
∩.∩...#~##.###'###.##..#
...∩..#~#...##.##.# #..#
..∩.∩.+~+.#)'.<@l# +..###
...∩.∩#~#...##.##l# #....###.
▓▓▓▓###~##.###'###.##......~~
H######~~####...####~~.§§..~#
.# ##~~~#..##.#~~~~~~~..~#
#+#~### ##~~~~~~~~.§#
#~~##+##~~~§≈≈~§~~~#
##~~~~~~~§§§§§≈≈§~§#
#+++#+++#§§≈§§≈≈≈~#


You could see 2 wyverns.

Vanquished Creatures
  A merfolk siren (D)
  4 neqoxecs (D)
  2 water moccasins (D)
  3 worms (D)
10 creatures vanquished.

Notes
Turn   | Place    | Note
-------+----------+-------------------------------------------
     0 | D        | sircluck the Troll Berserker began the quest for the Orb.
     0 | D        | Reached XP level 1. HP: 22/22 MP: 0/0
    22 | D        | Reached ** piety under Trog
    23 | D        | Reached skill level 4 in Unarmed Combat
    23 | D        | Reached XP level 2. HP: 20/31 MP: 1/1
    27 | D        | Noticed an orange crystal statue
    29 | D        | Noticed a water moccasin
    38 | D        | Killed a water moccasin
    39 | D        | Reached skill level 5 in Fighting
    39 | D        | Reached skill level 6 in Unarmed Combat
    39 | D        | Reached XP level 3. HP: 14/42 MP: 2/2
    39 | D        | Reached XP level 4. HP: 16/50 MP: 3/3
    41 | D        | Found Egabbaus's Antique Weapon Shop.
    41 | D        | Found Uzaheplu's Jewellery Boutique.
    42 | D        | Found Muomnaul's Weapon Shop.
    43 | D        | Found Xisyvekk's Book Shop.
    43 | D        | Found Wihileam's Distillery.
    43 | D        | Found Xefuoxug's Antique Weapon Boutique.
    46 | D        | Found Losat's General Store.
    46 | D        | Found Othraremu's Magic Scroll Boutique.
    46 | D        | Found Erhuap's Antique Armour Boutique.
    46 | D        | Found Quqafro's Distillery.
    47 | D        | Found Ponivosu's Antique Armour Shop.
    47 | D        | Found Wesex's Distillery.
    48 | D        | Found Ruyrhogh's Jewellery Boutique.
    48 | D        | Found Alaicvunn's Distillery.
    49 | D        | Noticed a manticore
    64 | D        | Noticed a water moccasin
    76 | D        | Killed a water moccasin
   111 | D        | Noticed a merfolk siren
   118 | D        | Killed a merfolk siren
   118 | D        | Reached *** piety under Trog
   119 | D        | Reached skill level 10 in Unarmed Combat
   119 | D        | Reached XP level 5. HP: 62/62 MP: 4/4
   119 | D        | Reached XP level 6. HP: 71/71 MP: 5/5
   148 | D        | Noticed a neqoxec
   148 | D        | Noticed a neqoxec
   148 | D        | Noticed a neqoxec
   148 | D        | Noticed a neqoxec
   153 | D        | Killed a neqoxec
   154 | D        | Reached XP level 7. HP: 79/79 MP: 6/6
   158 | D        | Killed a neqoxec
   158 | D        | Gained mutation: You occasionally lose the ability to read
                  | scrolls when taking damage. [a neqoxec]
   159 | D        | Reached skill level 11 in Unarmed Combat
   160 | D        | Lost intelligence.
   165 | D        | Gained mutation: You are frail. (-10% HP) [a neqoxec]
   166 | D        | Killed a neqoxec
   166 | D        | Reached **** piety under Trog
   167 | D        | Killed a neqoxec
   168 | D        | Reached skill level 12 in Unarmed Combat
   295 | D        | Noticed a wyvern
   295 | D        | Noticed a wyvern
   299 | D        | Slain by a wyvern

Illustrated notes

Levels and vault maps discovered:
D:        the_violet_keep_of_menkaure [sprint2_stairs_cluster_1,
          sprint2_shoproom, sprint2_temple, sprint2_basic_supplies,
          sprint2_obstacle_7, sprint2_obstacle_2, sprint2_obstacle_4,
          sprint2_obstacle_3, sprint2_obstacle_6, sprint2_timed_cluster_1,
          sprint2_smallroom_cluster_1, sprint2_smallroom_final_cluster_1,
          sprint2_transparent_cluster_1, sprint2_second_timed_cluster_1,
          sprint2_sniper_area_1, sprint2_heavy_combat_area_1,
          sprint2_mutation_trap_area_1, sprint2_forest_area_1,
          sprint2_light_combat_area_1, sprint2_behind_water_1,
          sprint2_near_end_vault_1]

Skill      XL: |  1  2  3  4  5  6  7 |
---------------+----------------------+-----
Fighting       | 3 5 7 8 |  8.6
Dodging        | 3 4 6 7 |  7.6
Unarmed Combat | 4 6 10 12 | 12.0
Stealth        | |  0.5

Action                     |  1- 3 |  4- 6 |  7- 9 || total
---------------------------+-------+-------+-------++-------
  Melee: Unarmed           |    27 |    21 |    14 ||    62
 Invoke: Berserk           |       |     1 |       ||     1
 Armour: Animal skin       |     4 |     5 |     1 ||    10
  Dodge: Dodged            |     9 |     7 |     4 ||    20

Table legend: (Time is in decaauts)
 A = Elapsed time spent in this place.
 B = Non-inter-level travel time spent in this place.
 C = Inter-level travel time spent in this place.
 D = Time resting spent in this place.
 E = Time spent auto-exploring this place.
 F = Levels seen in this place.
 G = Mean time per level.
                   A        B        C        D        E       F      G
               +--------+--------+--------+--------+--------+-----+--------+
         Total |    310 |    310 |      0 |    134 |      1 |   1 |  310.0 |
       Dungeon |    310 |    310 |      0 |    134 |      1 |   1 |  310.0 |
               +--------+--------+--------+--------+--------+-----+--------+

Top non-repeatable levels by time:
       D: 310 daAuts
